 Dungeon Crawl Stone Soup version 0.29.0-4-gdea44cf6ec (webtiles) character file.

Game seed: 1591134594501572772

48 qw the Chopper (level 3, 0/21 HPs)
             Began as a Tengu Warper on Aug 28, 2022.
             Succumbed to an adder's poison
             ... on level 2 of the Dungeon.
             The game lasted 00:00:08 (1353 turns).

qw the Chopper (Tengu Warper)                       Turns: 1353, Time: 00:00:08

Health: 0/21       AC:  3    Str: 13    XL:     3   Next: 72%
Magic:  7/7        EV: 12    Int: 13    God:
Gold:   68         SH:  0    Dex: 13    Spells: 6/6 levels left

rFire   . . .      SeeInvis .   Y - +0 hand axe
rCold   . . .      Faith    .   (no shield)
rNeg    . . .      Spirit   .   b - +0 leather armour
rPois   .          Reflect  .   (helmet restricted)
rElec   .          Harm     .   (no cloak)
rCorr   +          Rampage  .   (no gloves)
Will    .....                   (boots unavailable)
Stlth   +.........              (no amulet)
HPRegen 0.07/turn               i - ring of resist corrosion
MPRegen 0.10/turn               (no ring)

@: lethally poisoned (0 -> -2)
A: beak, talons 3
a: no special abilities


You were on level 2 of the Dungeon.
You visited 1 branch of the dungeon, and saw 2 of its levels.

You collected 68 gold pieces.


Innate Abilities, Weirdness & Mutations

You have a beak for a mouth.
You have claws for feet.


   Skills:
 - Level 2.0 Fighting
 + Level 4.3 Axes
 - Level 1.0 Throwing
 - Level 1.1 Armour
 - Level 2.1 Dodging
 - Level 2.0 Spellcasting
 - Level 2.4 Translocations


You had 6 spell levels left.
You didn't know any spells.
Your spell library contained the following spells:

 Spells                   Type           Power      Damage    Failure   Level
 Blink                    Tloc           14%        N/A       19%         2
 Gell's Gravitas          Tloc           7%         N/A       36%         3
 Lesser Beckoning         Tloc           7%         N/A       36%         3
 Teleport Other           Tloc           7%         N/A       36%         3
 Manifold Assault         Tloc           7%         N/A       98%         5

Inventory:

Hand Weapons
 j - a +0 whip
 Y - a +0 hand axe (weapon)
Armour
 b - a +0 leather armour (worn)
Jewellery
 i - a ring of resist corrosion (left hand)
Scrolls
 g - 2 scrolls of identify
 h - a scroll of teleportation
Potions
 a - a potion of haste
 e - a potion of heal wounds

Dungeon Overview and Level Annotations

Branches:
Dungeon (2/15)

Altars:


Message History

The endoplasm freezes you.
You are frozen.
You slash the endoplasm!
You kill the endoplasm!
You start resting.
HP restored.
An adder comes into view.
You barely miss the adder. Your kick misses the adder.
The adder barely misses you.
You hit the adder but do no damage. The adder barely misses you.
You hit the adder.
The adder is moderately wounded.
The adder bites you.
You are poisoned.
The adder poisons you! The adder barely misses you.
You hit the adder. Your peck misses the adder.
The adder is severely wounded.
You feel sick. The adder bites you.
You barely miss the adder. You claw the adder.
The adder is almost dead.
You feel sick. The adder bites you.
You are lethally poisoned!
The adder poisons you! The adder bites you.
You hit the adder but do no damage.
The adder is almost dead.
You feel sick. The adder barely misses you.
You miss the adder. You claw the adder.
You kill the adder!
You feel sick.
There is a lethal amount of poison in your body!
You feel sick.
There is a lethal amount of poison in your body!
You feel sick.
There is a lethal amount of poison in your body!
You feel sick.
There is a lethal amount of poison in your body!
You feel sick.
There is a lethal amount of poison in your body!
You die...

.# .######## .'....... .
.######## ## .. ........
####.# ...
############...# ## ....
.............#.##.#....
.###########.#...#..###
.##........#.###@!....#
.............%.#......#
###.#.####.#+#.#......#
# #.#.# #............# #
#.#.# #....#......... #
#.#.# #....#.........
###.#.####....#.#####...
....#.........#..# ...
##### ###########...##.#
.....


There were no monsters in sight!

Vanquished Creatures
  An adder (D:2)
  A worm (D:2)
  5 endoplasms
  A giant cockroach (D:1)
  3 goblins
  2 hobgoblins
  4 jackals (D:2)
  A quokka (D:1)
  6 ball pythons
  4 bats
  3 kobolds
  A rat (D:2)
32 creatures vanquished.

Vanquished Creatures (others)
  4 plants (D:1)
4 creatures vanquished.

Grand Total: 36 creatures vanquished

Notes
Turn   | Place    | Note
-------+----------+-------------------------------------------
     0 | D:1      | qw the Tengu Warper began the quest for the Orb.
     0 | D:1      | Reached XP level 1. HP: 12/12 MP: 4/4
     0 | D:1      | 0 ||| qw: Version: 0.1-a-89-g26bdef1
     0 | D:1      | 0 ||| qw: Game counter: 590
     0 | D:1      | 0 ||| qw: Always use a shield: true
     0 | D:1      | 0 ||| qw: God list: Okawaru
     0 | D:1      | 0 ||| qw: Allow faded altars: false
     0 | D:1      | 0 ||| qw: Do Orc after D:15 true
     0 | D:1      | 0 ||| qw: Do second Lair branch before Depths: true
     0 | D:1      | 0 ||| qw: Lair rune preference: random
     0 | D:1      | 0 ||| qw: Plans: Normal
     0 | D:1      | 0 ||| PLANNING D:1-11
   105 | D:1      | Found a faded altar of an unknown god.
   174 | D:1      | 174 ||| Stepping ~*~*~tactically~*~*~ (stealth).
   185 | D:1      | 185 ||| Stepping ~*~*~tactically~*~*~ (stealth).
   186 | D:1      | 186 ||| Stepping ~*~*~tactically~*~*~ (stealth).
   187 | D:1      | 187 ||| Stepping ~*~*~tactically~*~*~ (stealth).
   260 | D:1      | You fall into a shaft and drop 1 floor!
   270 | D:2      | 270 ||| UPGRADING to ring of resist corrosion.
   271 | D:2      | 271 ||| READING scroll labelled SIES KEDEV.
   272 | D:2      | 272 ||| READING scroll labelled HIOPRAE XOTOLL.
   273 | D:2      | 273 ||| READING scroll labelled RIADODAOPS.
   278 | D:2      | 278 ||| DRINKING 2 viscous purple potions.
   279 | D:2      | 279 ||| DROPPING scroll of blinking.
   327 | D:1      | Reached XP level 2. HP: 17/17 MP: 6/6
   417 | D:1      | Reached skill level 3 in Axes
   549 | D:1      | 549 ||| Stepping ~*~*~tactically~*~*~ (stealth).
   558 | D:1      | 558 ||| Stepping ~*~*~tactically~*~*~ (stealth).
   559 | D:1      | 559 ||| Stepping ~*~*~tactically~*~*~ (stealth).
   719 | D:1      | 719 ||| Stepping ~*~*~tactically~*~*~ (stealth).
   720 | D:1      | 720 ||| Stepping ~*~*~tactically~*~*~ (stealth).
   986 | D:1      | 986 ||| READING scroll labelled XYAXTEQOLU.
   987 | D:1      | 987 ||| READING 4 scrolls of identify.
   987 | D:1      | 987 ||| IDENTIFYING golden potion
   988 | D:1      | 988 ||| READING 3 scrolls of identify.
   988 | D:1      | 988 ||| IDENTIFYING green potion
   989 | D:1      | 989 ||| READING 2 scrolls of identify.
   989 | D:1      | 989 ||| IDENTIFYING inky potion
   990 | D:1      | 990 ||| DROPPING potion of brilliance.
   991 | D:1      | 991 ||| DROPPING potion of attraction.
  1060 | D:2      | Reached XP level 3. HP: 19/21 MP: 7/7
  1116 | D:2      | 1116 ||| Stepping ~*~*~tactically~*~*~ (stealth).
  1174 | D:2      | Reached skill level 4 in Axes
  1348 | D:2      | HP: 5/21 [poisoned by an adder]
  1351 | D:2      | HP: 2/21 [poisoned by an adder]
  1353 | D:2      | Succumbed to an adder's poison

Levels and vault maps discovered:
D:1:      eino_arrival_cavern_d, layout_basic,
          shapermc_ecumenical_altar_hornbeckon, st_stairs_5, serial_bayou_lake_a
D:2:      layout_basic, minmay_tripent

Skill      XL: |  1  2  3 |
---------------+----------+-----
Axes           | 3 4 |  4.3
Fighting       | |  2.0
Throwing       | |  1.0
Armour         | |  1.1
Dodging        | |  2.1
Spellcasting   | |  2.0
Translocations | |  2.4

Action                   || total
-------------------------++-------
Melee: Hand axe          ||    63
       Kick              ||    18
       Peck              ||     8
Throw: Boomerang         ||     7
  Use: Scroll            ||     7
       Potion            ||     1
Armor: Leather armour    ||    15
Dodge: Dodged            ||    35

Table legend:
 A = Non-vault XP
 B = Vault XP
 C = Vault XP percentage of total XP
 D = Non-vault monster count
 E = Vault monster count
 F = Vault count percentage of total count
                 A         B        C        D         E       F
            +---------+---------+-------+---------+---------+-------
      Total |      63 |       6 |   8.7 |      28 |       4 |  12.5
            +---------+---------+-------+---------+---------+-------
        D:1 |      23 |       6 |  20.7 |      14 |       4 |  22.2
        D:2 |      40 |       0 |   0.0 |      14 |       0 |   0.0
            +---------+---------+-------+---------+---------+-------
